 Dungeon Crawl Stone Soup version 0.26.1-11-gd32895ea62 (webtiles) character file.

Game seed: 5009102268566569513

4508 seveneves the Carver (level 10, -1/86 HPs)
             Began as a Minotaur Fighter on July 24, 2021.
             Killed from afar by an electric eel (9 damage)
             ... with a bolt of electricity
             ... on level 10 of the Dungeon on July 27, 2021.
             The game lasted 00:29:35 (7936 turns).

seveneves the Carver (Minotaur Fighter)             Turns: 7936, Time: 00:29:35

Health: -1/86      AC: 13    Str: 28    XL:     10   Next: 16%
Magic:  9/9        EV: 11    Int:  5    God:
Gold:   299        SH: 13    Dex: 11    Spells: 9/9 levels left

rFire    . . .     SeeInvis .   B - +5 scimitar
rCold    . . .     Faith    .   c - +1 kite shield
rNeg     . . .     Spirit   .   f - +4 ring mail of Dishonesty {*Contam +Inv Str+5}
rPois    +         Reflect  .   (helmet restricted)
rElec    .         Harm     .   (no cloak)
rCorr    .         Rampage  .   y - +0 pair of gloves
Will     .....                  m - +0 pair of boots
Stlth    +.........             A - amulet of regeneration
HPRegen  0.64/turn              e - ring of poison resistance
MPRegen  0.11/turn              (no ring)

@: flying
A: retaliatory headbutt, horns 2
a: Evoke Invisibility


You were on level 10 of the Dungeon.
You visited 1 branch of the dungeon, and saw 10 of its levels.

You collected 537 gold pieces.
You spent 238 gold pieces at shops.

Inventory:

Hand Weapons
 d - a +2 scimitar of freezing
 o - a +1 short sword of draining
 t - a +4 battleaxe
 x - a +0 scimitar of holy wrath
 B - a +5 scimitar (weapon)
Missiles
 i - 29 boomerangs (quivered)
Armour
 c - a +1 kite shield (worn)
 f - the +4 ring mail of Dishonesty (worn) {*Contam +Inv Str+5}
   (You found it on level 5 of the Dungeon)

   It affects your strength (+5).
   It lets you turn invisible.
   It causes magical contamination when unequipped.
 m - a +0 pair of boots (worn)
 y - a +0 pair of gloves (worn)
Jewellery
 e - a ring of poison resistance (left hand)
 A - an amulet of regeneration (around neck)
Wands
 k - a wand of flame (36)
 p - a wand of enslavement (4)
 C - a wand of polymorph (6)
Scrolls
 g - 3 scrolls of teleportation
 h - 2 scrolls of fear
 r - 2 scrolls of enchant weapon {unknown}
 u - 2 scrolls of identify
 v - a scroll of enchant armour
 z - 2 scrolls of remove curse
Potions
 a - a potion of flight
 j - a potion of invisibility {unknown}
 l - a potion of haste {unknown}
 q - a potion of mutation {unknown}
 s - a potion of brilliance


   Skills:
 + Level 7.2 Fighting
 + Level 4.2(7.1) Short Blades
 + Level 9.8(10.2) Long Blades
 + Level 1.0 Throwing
 + Level 8.5 Armour
 + Level 3.6 Dodging
 + Level 1.7 Stealth
 + Level 9.4 Shields


You had 9 spell levels left.
You didn't know any spells.
Your spell library contained the following spells:

 Spells                   Type           Power        Failure   Level
 Magic Dart               Conj           0%           83%         1
 Blink                    Tloc           N/A          92%         2
 Call Imp                 Summ           0%           92%         2
 Slow                     Hex            0%           92%         2
 Conjure Flame            Conj/Fire      0%           99%         3
 Mephitic Cloud           Conj/Pois/Air  0%           99%         3


Dungeon Overview and Level Annotations

Branches:
Dungeon (10/15)            Temple (0/1) D:6            Lair (0/6) D:10
    Orc: D:9-12

Altars:
Makhleb

Shops:
D:6 =   D:8 ?

Annotations:
D:5 2 transporters, 1 runed translucent door, Crazy Yiuf; cozkul's ghost, novice MiFi


Innate Abilities, Weirdness & Mutations

You reflexively headbutt those who attack you in melee.
You have a pair of horns on your head.


Message History

* * * LOW HITPOINT WARNING * * *
You block the killer bee's attack.
You slash the killer bee!
You kill the killer bee!
You feel better.
You reach down and open the door.
The electric eel shoots out a bolt of lightning at you!
The bolt of electricity hits you!
There is an open door here.
The electric eel shoots out a bolt of lightning at you!
The bolt of electricity hits you!
* * * LOW HITPOINT WARNING * * *
Okay, then.
The electric eel shoots out a bolt of lightning at you!
The bolt of electricity hits you.
* * * LOW HITPOINT WARNING * * *
There is an open door here.
The electric eel shoots out a bolt of lightning at you!
The bolt of electricity hits you!
You die...

≈≈≈≈≈≈≈.≈#........# #....... ≈≈≈≈
#........# #...)... .≈≈≈
#........# #.).)...
....≈≈≈≈≈≈#........##+##.......
.≈.>.≈≈≈≈≈≈#.....<..............
≈....≈≈≈≈≈≈#....................
≈.≈..≈≈≈≈≈≈#....................
≈.≈.≈.≈≈≈≈.####.........#######.
≈≈≈.≈.≈≈≈.....#@........#>....#.
≈≈≈.≈≈.≈≈.....'........##.....#.
≈≈≈.≈≈≈..;.####††......#......#.
≈≈≈≈.≈≈≈≈......†††......#......#.
≈≈.≈.≈≈≈.≈;.............#......#.
≈≈.≈.≈≈≈≈≈...##########.#......#.
.≈.≈.≈≈...≈..# #.##'###'#.
.............# ###..........
............h# #....(.......


You could see an electric eel.

Vanquished Creatures
  Menkaure (D:5)
  A water moccasin (D:9)
  Duvessa (D:5)
  2 ice beasts
  A hornet zombie (D:9)
  3 phantoms
  3 sky beasts
  An ogre (D:9)
  4 centaurs
  A wolf (D:10)
  8 bullfrogs
  Dowan (D:5)
  3 scorpions
  6 killer bees (D:10)
  16 wights
  An electric eel (D:10)
  3 howler monkeys
  2 centaur zombies
  6 hounds
  A jelly (D:9)
  An iguana (D:8)
  An orc wizard (D:6)
  Jessica (D:2)
  A centaur skeleton (D:6)
  5 worker ants
  A howler monkey zombie (D:5)
  3 gnolls (D:4)
  10 adders
  4 shadow imps
  3 white imps
  An ufetubus (D:8)
  An ooze (D:2)
  An adder zombie (D:8)
  An adder skeleton (D:7)
  A worm (D:3)
  2 dart slugs (D:2)
  6 leopard geckos
  17 orcs
  3 ball pythons
  5 giant cockroaches
  7 hobgoblins
  7 jackals
  3 kobolds
  5 quokkas
  4 bats
  8 frilled lizards
  3 goblins
  A quokka skeleton (D:4)
  12 rats
183 creatures vanquished.

Vanquished Creatures (others)
  31 plants (D:10)
31 creatures vanquished.

Grand Total: 214 creatures vanquished

Notes
Turn   | Place    | Note
-------+----------+-------------------------------------------
     0 | D:1      | seveneves the Minotaur Fighter began the quest for the Orb.
     0 | D:1      | Reached XP level 1. HP: 19/19 MP: 0/0
    99 | D:1      | Reached XP level 2. HP: 25/27 MP: 1/1
   706 | D:1      | Reached XP level 3. HP: 32/33 MP: 2/2
  1430 | D:2      | Noticed Jessica
  1436 | D:2      | Killed Jessica
  1437 | D:2      | Reached XP level 4. HP: 14/40 MP: 3/3
  2362 | D:3      | Found a burning altar of Makhleb.
  2489 | D:4      | Reached XP level 5. HP: 46/46 MP: 4/4
  2542 | D:4      | Noticed a sky beast
  2555 | D:4      | Killed a sky beast
  2556 | D:4      | Reached skill level 1 in Dodging
  2556 | D:4      | Reached skill level 5 in Shields
  2939 | D:4      | Reached skill level 5 in Armour
  2940 | D:4      | Reached XP level 6. HP: 42/53 MP: 5/5
  3050 | D:4      | Reached skill level 5 in Long Blades
  3384 | D:5      | Entered Level 5 of the Dungeon
  3422 | D:5      | Noticed Menkaure
  3434 | D:5      | Killed Menkaure
  3488 | D:5      | Found a transporter.
  3492 | D:5      | Noticed cozkul's ghost (novice MiFi)
  3645 | D:5      | Found a transporter.
  3698 | D:5      | Reached XP level 7. HP: 48/60 MP: 6/6
  3742 | D:5      | Got a pitted ring mail
  3919 | D:5      | Found a runed translucent door.
  3920 | D:5      | Noticed Crazy Yiuf
  4139 | D:5      | Noticed Duvessa
  4139 | D:5      | Noticed Dowan
  4152 | D:5      | Killed Duvessa
  4153 | D:5      | Reached skill level 5 in Fighting
  4155 | D:5      | Killed Dowan
  4460 | D:6      | Reached XP level 8. HP: 68/68 MP: 7/7
  4525 | D:6      | Found Afog's Jewellery Shoppe.
  4547 | D:6      | Reached skill level 1 in Short Blades
  4675 | D:6      | Identified the +4 ring mail of Dishonesty {*Contam +Inv
                  | Str+5} (You found it on level 5 of the Dungeon)
  4785 | D:6      | Found a staircase to the Ecumenical Temple.
  5672 | D:6      | You fall into a shaft and drop 2 floors!
  6254 | D:8      | Reached XP level 9. HP: 35/72 MP: 8/8
  6444 | D:8      | Got a heavy robe
  6467 | D:8      | Identified the cursed +0 robe of Tenacity {rElec rF- Dex+5
                  | Stlth+} (You found it on level 8 of the Dungeon)
  6502 | D:8      | Found Buewiy's Magic Scroll Shop.
  6505 | D:8      | Bought a scroll of identify for 28 gold pieces
  6505 | D:8      | Bought a scroll of enchant armour for 105 gold pieces
  6505 | D:8      | Bought a scroll of enchant armour for 105 gold pieces
  6568 | D:9      | Reached skill level 1 in Stealth
  7668 | D:10     | Entered Level 10 of the Dungeon
  7861 | D:10     | Reached skill level 1 in Throwing
  7861 | D:10     | Reached XP level 10. HP: 85/86 MP: 9/9
  7903 | D:10     | Found a staircase to the Lair.
  7936 | D:10     | Killed from afar by an electric eel

Illustrated notes

Levels and vault maps discovered:
D:1:      lightli_arrival_statuegarden, layout_loops_ring,
          kennysheep_minor_cross
D:2:      layout_loops_corners, uniq_jessica
D:3:      layout_basic, old_standard_altar, serial_bayou_ford_a
D:4:      layout_gridville, kennysheep_windowed_goal
D:5:      layout_loops_corners, gammafunk_ghost_stat_death, uniq_menkaure,
          uniq_duvessa, uniq_crazy_yiuf_cottage
D:6:      layout_layer_cave, minmay_temple_entry_wispy, serial_shops,
          shop_statue
D:7:      minmay_blocky_corners, layout_loops_cross, uniq_joseph, uniq_harold
D:8:      layout_basic, serial_shops, kennysheep_mini_moat
D:9:      layout_grid_maze, serial_rivers, chequers_serial_rivers_room_a,
          chequers_serial_rivers_large_a, chequers_serial_rivers_marsh,
          chequers_serial_rivers_micro_c, chequers_serial_rivers_micro_b,
          chequers_serial_rivers_micro_e, skrybe_limestone_x,
          kennysheep_small_spiral
D:10:     layout_irregular_city, erik_lair_island, kennysheep_boxes

Skill      XL: |  1  2  3  4  5  6  7  8  9 |
---------------+----------------------------+-----
Shields        | 4 5 6 7 9 |  9.4
Armour         | 4 5 6 7 8 |  8.5
Long Blades    | 3 4 5 7 8 9 |  9.8
Fighting       | 4 5 6 7 |  7.2
Dodging        | 1 3 |  3.6
Short Blades   | 3 4 |  4.2
Stealth        | 1 |  1.7
Throwing       | 1 |  1.0

Action                   |  1- 3 |  4- 6 |  7- 9 | 10-12 || total
-------------------------+-------+-------+-------+-------++-------
Melee: Long sword        |   131 |   133 |    38 |       ||   302
       Headbutt          |    13 |    21 |    67 |     4 ||   105
       Short sword       |       |       |   158 |       ||   158
       Scimitar          |       |       |   125 |    27 ||   152
Throw: Boomerang         |       |       |     9 |       ||     9
  Use: Scroll            |     2 |     6 |    10 |     2 ||    20
       Potion            |     1 |     8 |     2 |     4 ||    15
Armor: Scale mail        |    64 |    17 |       |       ||    81
       Plate armour      |       |    57 |    55 |       ||   112
       Ring mail         |       |       |    53 |    27 ||    80
Dodge: Dodged            |    30 |    34 |    68 |    29 ||   161
Block: Kite shield       |    75 |    80 |   170 |    41 ||   366
       Rpst.: Long sword |     4 |    11 |     2 |       ||    17
       Scimitar          |       |       |     6 |     9 ||    15
